 Dungeon Crawl Stone Soup version 0.31.0-11-ge490571c62 (webtiles) character file.

Game seed: 17509014135603820581

268 Arcadio the Skirmisher (level 6, -15/51 HPs)
             Began as a Gnoll Hunter on Jan 29, 2024.
             Was an Initiate of Ashenzari.
             Shot with an arrow by a centaur (18 damage)
             ... on level 4 of the Dungeon.
             The game lasted 00:06:08 (2382 turns).

Arcadio the Skirmisher (Gnoll Hunter)               Turns: 2382, Time: 00:06:08

Health: -15/51     AC:  3    Str: 10    XL:     6   Next: 21%
Magic:  8/8        EV: 15    Int:  9    God:    Ashenzari [......]
Gold:   176        SH:  0    Dex: 23    Spells: 8/8 levels left

rFire   . . .        a - +0 shortbow
rCold   . . .        (shield currently unavailable)
rNeg    . . .        c - +0 leather armour
rPois   .            (no helmet)
rElec   .            (no cloak)
rCorr   .            (no gloves)
SInv    .            (no boots)
Will    .....        (no amulet)
Stlth   +++          l - +6 ring of dexterity
HPRegen 0.28/turn    (no ring)
MPRegen 0.11/turn

%: no passive effects
@: no status effects
A: fangs 1, strong nose, distributed training
a: Renounce Religion


You were on level 4 of the Dungeon.
You worshipped Ashenzari.
Ashenzari was noncommittal.
You visited 1 branch of the dungeon, and saw 4 of its levels.

You collected 176 gold pieces.

Inventory:

Hand Weapons
 a - a +0 shortbow (weapon)
Missiles
 h - 2 throwing nets
Armour
 c - a +0 leather armour (worn)
Jewellery
 l - a +6 ring of dexterity (left hand)
Scrolls
 b - a scroll of butterflies
 e - 3 scrolls of vulnerability
 f - 2 scrolls of blinking
 i - a scroll of amnesia {unknown}
 j - a scroll of teleportation {unknown}
 o - a scroll of noise {unknown}
 p - a scroll of revelation {unknown}
Potions
 g - a potion of might
 k - 2 potions of magic
 m - a potion of curing {unknown}
 n - 2 potions of enlightenment
 q - a potion of degeneration {unknown}


   Skills:
 + Level 5.0 Fighting
 + Level 1.9 Short Blades
 + Level 1.9 Long Blades
 + Level 1.9 Axes
 + Level 1.9 Maces & Flails
 + Level 1.9 Polearms
 + Level 1.9 Staves
 + Level 8.7 Ranged Weapons
 + Level 1.9 Throwing
 + Level 1.9 Armour
 + Level 5.0 Dodging
 + Level 3.0 Stealth
 + Level 1.9 Shields
 + Level 1.9 Unarmed Combat
 + Level 1.9 Spellcasting
 + Level 1.5 Conjurations
 + Level 1.5 Hexes
 + Level 1.5 Summonings
 + Level 1.5 Necromancy
 + Level 1.5 Translocations
 + Level 1.5 Fire Magic
 + Level 1.5 Ice Magic
 + Level 1.5 Air Magic
 + Level 1.5 Earth Magic
 + Level 1.5 Alchemy
 + Level 2.1 Invocations
 + Level 1.9 Evocations
 + Level 1.7 Shapeshifting


You had 8 spell levels left.
You didn't know any spells.
Your spell library contained the following spells:

 Spells                   Type           Power      Damage    Failure   Level
 Foxfire                  Conj/Fire      12%        2x1d4     24%         1
 Magic Dart               Conj           12%        1d3       24%         1
 Sting                    Conj/Alch      12%        1d3       24%         1
 Blink                    Tloc           6%         N/A       34%         2
 Call Imp                 Summ           6%         N/A       34%         2
 Mercury Vapours          Alch/Air       6%         N/A       34%         2
 Olgreb's Toxic Radiance  Alch           3%         N/A       93%         4
 Plasma Beam              Fire/Air       1%         2x1d11    100%        6
 Starburst                Conj/Fire      1%         6d3       100%        6


Dungeon Overview and Level Annotations

Branches:
Dungeon (4/15)
 Temple: D:4-7

Altars:
Ashenzari
Cheibriados
Dithmenos
Nemelex Xobeh
Okawaru
Xom

Shops:
D:2 [


Innate Abilities, Weirdness & Mutations

You have very sharp teeth.
Your uncanny sense of smell can sniff out nearby items.
Your experience applies equally to all skills.


Message History

You hear a shout!
The centaur wields a +0 orcbow.
The centaur shoots an arrow.
The arrow hits you!
The centaur shoots an arrow.
The arrow completely misses you.
Fire: a) +0 shortbow
Press: ? - help, Q - select action, (/) - cycle Shift-Dir - straight line, f/p - orc
Aim: an orc, wielding a +0 hand axe, wearing a +2 leather armour of fire resistance and quivering boomerangs (69% to hit)
You shoot an arrow. The arrow hits the orc wizard!
The orc wizard is heavily wounded.
The centaur shoots an arrow.
The arrow closely misses you.
You hear a shout! x2
Fire: a) +0 shortbow
Press: ? - help, Q - select action, (/) - cycle Shift-Dir - straight line, f - orc wizard
Aim: an orc wizard, wielding a +0 dagger and wearing a +0 robe (heavily wounded, 63% to hit)
You shoot an arrow.
The arrow hits the orc wizard but does no damage.
The orc wizard is heavily wounded.
The centaur shoots an arrow.
The arrow hits you.
An orc comes into view. It is wielding a +0 dagger.
The centaur shoots an arrow.
The arrow hits you!
Fire: a) +0 shortbow
Press: ? - help, Q - select action, (/) - cycle Shift-Dir - straight line, f/p - orc wizard
Aim: an orc wizard, wielding a +0 dagger and wearing a +0 robe (heavily wounded, 63% to hit)
You shoot an arrow.
The arrow hits the orc wizard but does no damage.
The orc wizard is heavily wounded.
The centaur shoots an arrow.
The arrow closely misses you.
An orc comes into view. It is wielding a +0 whip.
The orc wizard gestures at you while chanting.
You are confused.
A sleepcap comes into view.
Unknown command.
The centaur shoots an arrow.
The arrow hits you!
* * * LOW HITPOINT WARNING * * *
The orc wizard casts a spell at you. The magic dart hits you!
* * * LOW HITPOINT WARNING * * *
You feel less confused.
The centaur shoots an arrow.
The arrow hits you!!
You die...

#.. .oo. #..
#o. #.
#..##c### ...
#..o.... #...
#..o##.####....
#....#..##†....
##.....#.......
####.......#
#..@.##.####
##..###..##.#
#....##..#..#
##.)........#
#..........+
#..........<#
#...#.......#
#####..(....#
#......##


You could see a centaur, an orc wizard and 2 orcs.

Vanquished Creatures
  A jelly (D:3)
  Natasha (thrice) (D:2)
  3 gnolls (D:3)
  6 adders
  A ribbon worm (D:4)
  A dart slug (D:1)
  2 bats (D:1)
  13 endoplasms
  A giant cockroach (D:1)
  9 goblins
  6 hobgoblins
  3 quokkas
  4 ball pythons
  3 frilled lizards
  14 kobolds
  9 rats
79 creatures vanquished.

Notes
Turn   | Place    | Note
-------+----------+-------------------------------------------
     0 | D:1      | Arcadio the Gnoll Hunter began the quest for the Orb.
     0 | D:1      | Reached XP level 1. HP: 20/20 MP: 1/1
    87 | D:1      | Reached XP level 2. HP: 26/26 MP: 2/2
   222 | D:1      | Reached XP level 3. HP: 30/31 MP: 3/3
   510 | D:2      | Reached skill level 1 in Invocations
   542 | D:2      | Noticed Natasha
   544 | D:2      | Reached skill level 1 in Short Blades
   544 | D:2      | Reached skill level 1 in Long Blades
   544 | D:2      | Reached skill level 1 in Axes
   544 | D:2      | Reached skill level 1 in Maces & Flails
   544 | D:2      | Reached skill level 1 in Polearms
   544 | D:2      | Reached skill level 1 in Staves
   544 | D:2      | Reached skill level 1 in Throwing
   544 | D:2      | Reached skill level 1 in Armour
   544 | D:2      | Reached skill level 1 in Shields
   544 | D:2      | Reached skill level 1 in Unarmed Combat
   544 | D:2      | Reached skill level 1 in Spellcasting
   544 | D:2      | Reached skill level 1 in Evocations
   554 | D:2      | Killed Natasha
   555 | D:2      | Reached skill level 1 in Shapeshifting
   555 | D:2      | Reached XP level 4. HP: 14/38 MP: 5/5
   727 | D:2      | Reached skill level 1 in Conjurations
   727 | D:2      | Reached skill level 1 in Hexes
   727 | D:2      | Reached skill level 1 in Summonings
   727 | D:2      | Reached skill level 1 in Necromancy
   727 | D:2      | Reached skill level 1 in Translocations
   727 | D:2      | Reached skill level 1 in Fire Magic
   727 | D:2      | Reached skill level 1 in Ice Magic
   727 | D:2      | Reached skill level 1 in Air Magic
   727 | D:2      | Reached skill level 1 in Earth Magic
   727 | D:2      | Reached skill level 1 in Alchemy
   815 | D:2      | Noticed Natasha
   821 | D:2      | Killed Natasha
   889 | D:2      | Noticed Natasha
   899 | D:2      | Killed Natasha
   900 | D:2      | Reached XP level 5. HP: 31/43 MP: 7/7
  1045 | D:2      | Found Iwki's Antique Armour Shoppe.
  1897 | D:3      | Found a sparkling altar of Nemelex Xobeh.
  1897 | D:3      | Found a shimmering altar of Xom.
  1897 | D:3      | Found a broken altar of Ashenzari.
  1897 | D:3      | Found a shadowy altar of Dithmenos.
  1897 | D:3      | Found an iron altar of Okawaru.
  1897 | D:3      | Found a snail-covered altar of Cheibriados.
  1941 | D:3      | Reached XP level 6. HP: 36/50 MP: 8/8
  2129 | D:3      | Became a worshipper of Ashenzari the Shackled
  2198 | D:3      | Reached skill level 5 in Fighting
  2198 | D:3      | Reached skill level 5 in Dodging
  2381 | D:4      | HP: 2/51 [orc wizard/magic dart (8)]
  2382 | D:4      | Shot with an arrow by a centaur

Illustrated notes

Levels and vault maps discovered:
D:1:      dpeg_arrival_erosion, layout_rooms, minmay_indecisive_spiral
D:2:      cheibrodos_helix_gallery, layout_loops_ring, serial_shops,
          nicolae_shop_back_alley_shop, st_stairs_8, minmay_misc_feat_five,
          minmay_misc_feat_rugged, uniq_natasha
D:3:      cheibrodos_fertilizer, layout_basic, dk_noncrumbling_3
D:4:      layout_cave_pools, minmay_temple_entry_hall, serial_shops,
          nicolae_shop_hallway_stairs, minmay_box_of_dots, uniq_blork_the_orc

Skill      XL: |  1  2  3  4  5  6 |
---------------+-------------------+-----
Invocations    | 1 2 |  2.1
Short Blades   | 1 |  1.9
Long Blades    | 1 |  1.9
Axes           | 1 |  1.9
Maces & Flails | 1 |  1.9
Polearms       | 1 |  1.9
Staves         | 1 |  1.9
Throwing       | 1 |  1.9
Armour         | 1 |  1.9
Shields        | 1 |  1.9
Unarmed Combat | 1 |  1.9
Spellcasting   | 1 |  1.9
Evocations     | 1 |  1.9
Shapeshifting  | 1 |  1.7
Conjurations   | 1 |  1.5
Hexes          | 1 |  1.5
Summonings     | 1 |  1.5
Necromancy     | 1 |  1.5
Translocations | 1 |  1.5
Fire Magic     | 1 |  1.5
Ice Magic      | 1 |  1.5
Air Magic      | 1 |  1.5
Earth Magic    | 1 |  1.5
Alchemy        | 1 |  1.5
Stealth        | 3 |  3.0
Fighting       | 5 |  5.0
Dodging        | 5 |  5.0
Ranged Weapons | |  8.7

Action                     |  1- 3 |  4- 6 || total
---------------------------+-------+-------++-------
   Fire: Shortbow          |   106 |   139 ||   245
    Use: Scroll            |       |     5 ||     5
 Armour: Leather armour    |    14 |    24 ||    38
  Dodge: Dodged            |    14 |    30 ||    44
